 Dungeon Crawl Stone Soup version 0.20-a0-1122-gb7cbeb9 (webtiles) character file.

2132 MatthieuS the Martial Artist (level 9, -2/78 HPs)
             Began as a Human Transmuter on May 12, 2017.
             Was a Priest of Makhleb.
             Slain by a gargoyle
             ... wielding a +0 mace
              (14 damage)
             ... on level 7 of the Dungeon.
             The game lasted 00:49:06 (11623 turns).

MatthieuS the Martial Artist (Human Transmuter)    Turns: 11623, Time: 00:49:06

Health: -2/78      AC:  5    Str: 13    XL:     9   Next: 55%
Magic:  10/14      EV: 17    Int: 14    God:    Makhleb [***...]
Gold:   356        SH:  0    Dex: 19    Spells: 5/15 levels left

rFire    . . .     SeeInvis .     - Unarmed
rCold    + + +     Gourm    .   (shield currently unavailable)
rNeg     . . .     Faith    .   (armour currently unavailable)
rPois    +         Spirit   .   (helmet currently unavailable)
rElec    .         Reflect  .   (cloak currently unavailable)
rCorr    +         Harm     .   (gloves currently unavailable)
MR       .....     Clarity  +   (boots currently unavailable)
Stlth    +++.......             (no amulet)
Regen    0.3/turn               u - ring of protection from fire
MPRegen  0.2/turn               t - ring of resist corrosion

@: agile, ice-form
A: clarity
a: End Transformation, Minor Destruction, Lesser Servant of Makhleb, Renounce
Religion


You were on level 7 of the Dungeon.
You worshipped Makhleb.
Makhleb was most pleased with you.
You were not hungry.
You were a creature of crystalline ice.
You visited 2 branches of the dungeon, and saw 8 of its levels.
You also visited: Ossuary.

You collected 356 gold pieces.

Inventory:

Hand Weapons
 w - a +0 hunting sling
Missiles
 a - 100 arrows
 f - 179 stones (quivered)
 r - 29 sling bullets
 E - a throwing net
Armour
 p - a scarf of resistance (melded)
 G - a cursed +0 robe (melded)
Magical Staves
 n - an uncursed staff of poison
Jewellery
 s - an uncursed ring of magical power
 t - a ring of resist corrosion (right front paw)
 u - a ring of protection from fire (left front paw)
Wands
 C - a wand of confusion (15/48)
 H - a wand of clouds (5/9)
 J - a wand of lightning (7/15)
Scrolls
 b - a scroll of noise {unknown}
 e - a scroll of amnesia
 h - 2 scrolls of teleportation
 j - 3 scrolls of blinking
 m - 3 scrolls of remove curse
 y - a scroll of random uselessness {unknown}
 D - a scroll of identify
 F - a scroll of vulnerability {unknown}
Potions
 i - 2 potions of lignification
 o - a potion of haste
 v - 2 potions of might {unknown}
 x - 3 potions of mutation
 z - a potion of magic {unknown}
 A - 4 potions of curing
 B - 2 potions of brilliance {unknown}
 I - a potion of ambrosia {unknown}
Books
 c - a book of Changes

   Spells                             Type                      Level
   a - Beastly Appendage              Transmutation                1
   b - Sticks to Snakes               Transmutation                2
   c - Spider Form                    Transmutation/Poison         3
   d - Ice Form                       Ice/Transmutation            4
   e - Blade Hands                    Transmutation                5
 q - a book of Minor Magic

   Spells                             Type                      Level
   a - Magic Dart                     Conjuration                  1
   b - Blink                          Translocation                2
   c - Call Imp                       Summoning                    2
   d - Slow                           Hexes                        2
   e - Conjure Flame                  Conjuration/Fire             3
   f - Mephitic Cloud                 Conjuration/Poison/Air       3
Comestibles
 d - 6 bread rations
 g - a meat ration
 k - a royal jelly
 K - 2 chunks of flesh


   Skills:
 - Level 4.0 Fighting
 - Level 3.6 Dodging
 - Level 0.7 Stealth
 - Level 8.6 Unarmed Combat
 + Level 3.6 Spellcasting
 - Level 6.6 Transmutations


You had 5 spell levels left.
You knew the following spells:

 Your Spells              Type           Power        Failure   Level  Hunger
a - Beastly Appendage     Tmut           ###...       1%          1    None
b - Sticks to Snakes      Tmut           ###.....     1%          2    ##.....
c - Spider Form           Tmut/Pois      ##........   16%         3    ###....
d - Ice Form              Ice/Tmut       ##......     45%         4    ####...


Dungeon Overview and Level Annotations

Branches:
Dungeon (7/15)             Temple (1/1) D:6

Altars:
Ashenzari
Kikubaaqudgha
Makhleb
Nemelex Xobeh

Shops:
D:6 %


Innate Abilities, Weirdness & Mutations

((You have sharp toenails.))
You possess an exceptional clarity of mind.


Message History

Press: ? - help, Shift-Dir - straight line, f - gargoyle
Aim: a gargoyle, wielding a mace The puff of flame hits the gargoyle.
The gargoyle appears unharmed.
Casting: Beastly Appendage
Confirm with . or Enter, or press ? or * to list all spells.
You turn into a creature of crystalline ice.
Your scarf of resistance melds into your body.
Your cursed +0 robe melds into your body.
You feel hot and cold all over.
You punch the gargoyle! You freeze the gargoyle!
The gargoyle is almost destroyed.
You completely miss the gargoyle.
The gargoyle is almost destroyed.
The gargoyle hurls a stone arrow at you.
The stone arrow hits you!
* * * LOW HITPOINT WARNING * * *
You barely miss the gargoyle.
The gargoyle is almost destroyed.
The gargoyle hits you with a mace!
You die...

## ########. #####
#..<##.. #...#
#...##.## ## #...#
#...#.Y#)##+.+##
#...#
#...#9###'.....+#
#...#
#...#.#8#.......#
#...#
#...............'
#...##
#......9....8....
###..#
#...#...........'
#..#
##...#.#8#.......#
#..##
#[.###.###'.....+#
#)..####..#
#..#9##+.+##


You could see a gargoyle.

Vanquished Creatures
  A hippogriff (D:7)
  Edmund (D:6)
  An orc warrior (D:6)
  2 sky beasts
  An ogre (D:5)
  A bullfrog (D:6)
  A wyvern zombie (D:7)
  A water moccasin zombie (Ossuary)
  A scorpion (D:6)
  2 killer bees (D:6)
  A howler monkey (D:6)
  2 crimson imps
  A hound (D:3)
  3 orc priests
  2 jellies (D:5)
  A gnoll shaman (D:6)
  Terence (D:2)
  An iguana (D:5)
  5 worker ants
  Natasha (thrice) (D:4)
  A killer bee zombie (D:6)
  4 big kobold zombies (Ossuary)
  2 mummies (Ossuary)
  A worker ant zombie (D:5)
  15 gnolls
  10 adders
  6 river rats (D:4)
  A shadow imp (D:5)
  2 oozes
  7 adder zombies (Ossuary)
  3 worms
  A dart slug (D:1)
  8 leopard geckos
  16 orcs
  2 ball pythons
  7 bats
  7 giant cockroaches
  A gnoll zombie (Ossuary)
  9 goblins
  4 hobgoblins
  7 jackals
  5 quokkas
  6 frilled lizards
  4 hobgoblin zombies (Ossuary)
  A jackal skeleton (D:4)
  6 kobolds
  4 kobold zombies (Ossuary)
  5 orc zombies (Ossuary)
  7 rats
184 creatures vanquished.

Notes
Turn   | Place    | Note
-------+----------+-------------------------------------------
     0 | D:1      | MatthieuS the Human Transmuter began the quest for the Orb.
     0 | D:1      | Reached XP level 1. HP: 15/15 MP: 3/3
   341 | D:1      | Reached XP level 2. HP: 14/21 MP: 5/5
  1105 | D:1      | Reached skill level 4 in Unarmed Combat
  1105 | D:1      | Reached XP level 3. HP: 18/26 MP: 6/6
  1640 | D:2      | Reached XP level 4. HP: 26/32 MP: 7/7
  2117 | D:2      | Noticed Terence
  2128 | D:2      | Killed Terence
  2128 | D:2      | Reached skill level 5 in Unarmed Combat
  2844 | D:3      | Found an ancient bone altar of Kikubaaqudgha.
  2869 | D:3      | Reached XP level 5. HP: 35/37 MP: 8/8
  2899 | D:3      | Found a sparkling altar of Nemelex Xobeh.
  2904 | D:3      | Found a shattered altar of Ashenzari.
  3205 | D:3      | Found a burning altar of Makhleb.
  3450 | D:3      | Became a worshipper of Makhleb the Destroyer
  3633 | D:3      | Learned a level 2 spell: Sticks to Snakes
  3637 | D:3      | Learned a level 3 spell: Spider Form
  3805 | D:3      | Reached skill level 6 in Unarmed Combat
  3828 | D:3      | Reached XP level 6. HP: 37/43 MP: 9/9
  4353 | D:4      | Noticed a phantom
  4362 | D:3      | Gained mutation: You have sharp toenails. [potion of mutation]
  4362 | D:3      | Gained mutation: You possess an exceptional clarity of mind. [potion of mutation]
  4372 | D:3      | HP: 2/44 [phantom (8)]
  4838 | D:4      | Noticed Natasha
  5025 | D:4      | Killed Natasha
  5100 | D:4      | Noticed Natasha
  5111 | D:4      | Killed Natasha
  5327 | D:4      | Reached * piety under Makhleb
  5372 | D:4      | Noticed Natasha
  5376 | D:4      | Killed Natasha
  5871 | D:4      | Reached XP level 7. HP: 20/51 MP: 10/10
  6378 | D:4      | Reached skill level 7 in Unarmed Combat
  7041 | D:5      | Entered Level 5 of the Dungeon
  7579 | D:5      | Reached XP level 8. HP: 59/59 MP: 11/11
  7613 | D:5      | Found a sand-covered staircase.
  7618 | Ossuary  | Entered an ossuary
  7777 | Ossuary  | Reached ** piety under Makhleb
  8075 | Ossuary  | Learned a level 4 spell: Ice Form
  8383 | D:5      | Reached skill level 5 in Transmutations
  9625 | D:6      | Reached *** piety under Makhleb
  9867 | D:6      | Noticed Edmund
  9894 | D:6      | Killed Edmund
  9894 | D:6      | Reached skill level 8 in Unarmed Combat
  9894 | D:6      | Reached XP level 9. HP: 33/65 MP: 6/12
 10236 | D:6      | Found Megut's Food Shop.
 10348 | D:6      | Found a staircase to the Ecumenical Temple.
 10362 | Temple   | Entered the Ecumenical Temple
 11291 | D:7      | Noticed a hippogriff
 11307 | D:7      | Killed a hippogriff
 11611 | D:7      | Noticed a gargoyle
 11611 | D:7      | Noticed a gargoyle
 11623 | D:7      | Slain by a gargoyle

Vault maps used:
D:1:      lemuel_arrival_broad_hall
D:2:      hangedman_decor_growths, uniq_terence
D:3:      makhleb_heckhound_becter, grunt_temple_overflow_open
D:4:      portal_sewer_entry_e, first_bread, glass_columns_b, uniq_natasha
D:5:      enter_ossuary_2
D:6:      minmay_temple_entry_junction, serial_shops, kennysheep_mini_moat,
          uniq_edmund
D:7:      cheibrodos_statue_roulette, the_bakery
Temple:   nicolae_temple_elliptical
Ossuary:  ossuary_tomb_2

Skill      XL: |  1  2  3  4  5  6  7  8  9 |
---------------+----------------------------+-----
Unarmed Combat | 4 5 6 7 8 |  8.6
Fighting       | 2 3 4 |  4.0
Transmutations | 3 6 |  6.6
Dodging        | 3 |  3.6
Spellcasting   | 3 |  3.6
Stealth        | |  0.7

Action                   |  1- 3 |  4- 6 |  7- 9 || total
-------------------------+-------+-------+-------++-------
Melee: Unarmed           |   102 |   183 |   356 ||   641
       Punch             |     1 |     2 |    11 ||    14
       Kick              |       |    23 |    75 ||    98
       Headbutt          |       |     6 |    30 ||    36
 Fire: Hunting sling     |       |    99 |   125 ||   224
Throw: Stone             |     4 |     2 |       ||     6
 Cast: Beastly Appendage |       |    12 |    17 ||    29
       Spider Form       |       |       |     8 ||     8
       Sticks to Snakes  |       |       |     1 ||     1
       Ice Form          |       |       |     1 ||     1
Invok: Minor Destruction |       |       |     1 ||     1
Evoke: Wand              |       |       |     2 ||     2
  Use: Potion            |       |     9 |     6 ||    15
       Scroll            |       |     1 |     8 ||     9
 Stab: Sleeping          |       |     1 |     2 ||     3
       Invisible         |       |     1 |     2 ||     3
       Distracted        |       |     1 |       ||     1
  Eat: Chunk             |     2 |    13 |     9 ||    24
       Meat ration       |       |       |     3 ||     3
Armor: Robe              |    14 |    32 |    25 ||    71
       Skin              |       |     2 |     7 ||     9
Dodge: Dodged            |    54 |   122 |   263 ||   439
